 Dungeon Crawl Stone Soup version 0.32-a0-975-g85d4e5bfdb (webtiles) character file.

Game seed: 5481840684699665073

3351 PriceMaster the Thaumaturge (level 9, -3/41 HPs)
             Began as a Spriggan Fire Elementalist on Apr 19, 2024.
             Slain by Erica
             ... wielding a +4 scimitar of flaming
              (5 damage)
             ... on level 8 of the Dungeon.
             The game lasted 00:14:39 (9909 turns).

PriceMaster the Thaumaturge (SpFE)                  Turns: 9909, Time: 00:14:39

Health: -3/41      AC:  3    Str:  3    XL:     9   Next: 72%
Magic:  0/24       EV: 19    Int: 31    God:
Gold:   315        SH:  0    Dex: 20    Spells: 23/29 levels left

rFire   . . .        y - +1 sling (freeze)
rCold   . . .        (no shield)
rNeg    . . .        a - +1 robe
rPois   .            (helmet restricted)
rElec   .            (no cloak)
rCorr   .            (gloves unavailable)
SInv    +            (boots unavailable)
Will    +....        e - amulet of guardian spirit
Stlth   +++          D - +6 ring of intelligence
HPRegen 0.26/turn    z - +6 ring of intelligence
MPRegen 0.19/turn

%: guardian spirit
@: hasted, very quick
A: very small, no large weapons, unfitting armour, see invisible, speed 3, agile
1, deterioration 1
a: no special abilities


You were on level 8 of the Dungeon.
You visited 1 branch of the dungeon, and saw 8 of its levels.

You collected 315 gold pieces.

Inventory:

Hand Weapons
 b - a +0 spear of venom
 y - a +1 sling of freezing (weapon)
Armour
 a - a +1 robe (worn)
Jewellery
 e - an amulet of guardian spirit (around neck)
 p - a +4 ring of protection
 z - a +6 ring of intelligence (right hand)
 D - a +6 ring of intelligence (left hand)
 F - a +6 ring of dexterity
 H - a ring of flight
Wands
 B - a wand of roots (7)
 G - a wand of polymorph (12)
Scrolls
 c - 2 scrolls of amnesia
 d - 5 scrolls of identify
 g - a scroll of enchant armour
 m - 6 scrolls of teleportation {unknown}
 o - a scroll of revelation {unknown}
 s - a scroll of fog {unknown}
 u - 2 scrolls of poison {unknown}
 w - 2 scrolls of blinking {unknown}
 A - a scroll of silence {unknown}
 C - a scroll of acquirement {unknown}
 E - a scroll of vulnerability {unknown}
Potions
 h - 17 potions of degeneration
 r - 2 potions of enlightenment {unknown}
 t - a potion of heal wounds {unknown}
 v - a potion of invisibility {unknown}
 x - a potion of brilliance {unknown}


   Skills:
 + Level 1.2 Fighting
 + Level 4.4 Ranged Weapons
 + Level 4.5 Dodging
 + Level 3.4 Stealth
 + Level 1.0 Unarmed Combat
 + Level 10.5 Spellcasting
 + Level 2.6 Conjurations
 + Level 3.1 Hexes
 + Level 6.9 Fire Magic


You had 23 spell levels left.
You knew the following spells:

 Your Spells              Type           Power      Damage    Failure   Level
a - Foxfire               Conj/Fire      100%       2x1d9     1%          1
b - Scorch                Fire           100%       2d9       1%          2
c - Inner Flame           Hex/Fire       47%        N/A       1%          3

Your spell library contained the following spells:

 Spells                   Type           Power      Damage    Failure   Level
 Sting                    Conj/Alch      96%        1d9       1%          1
 Volatile Blastmotes      Fire/Tloc      74%        2d16      2%          3
 Apportation              Tloc           32%        N/A       3%          1
 Necrotise                Necr           64%        1d7       3%          1
 Summon Small Mammal      Summ           64%        N/A       3%          1
 Flame Wave               Conj/Fire      46%        2d12      4%          4
 Teleport Other           Tloc           16%        N/A       10%         3
 Dispersal                Tloc           8%         N/A       99%         6
 Gell's Gavotte           Tloc           8%         2d(15-22) 99%         6


Dungeon Overview and Level Annotations

Branches:
Dungeon (8/15)             Temple (0/1) D:4
   Lair: D:8-11

Altars:
Ashenzari
Fedhas
Hepliaklqana
Okawaru

Shops:
D:2 [   D:6 (:(((

Annotations:
D:8 Erica


Innate Abilities, Weirdness & Mutations

You are very small and have problems with some larger weapons.
You are too small for most types of armour.
You have supernaturally acute eyesight. (SInv)
You cover ground extremely quickly. (Speed+++)
You are agile. (Dex +4, Str/Int -1)
Your body sometimes deteriorates upon taking damage.


Message History

You don't know that spell.
Unknown command.
It was a potion of mutation.
You feel extremely strange.
You feel agile.
You feel yourself wasting away.
The foxfire hits Erica!
Flame seeps out of Erica.
Erica is lightly wounded.
It was a potion of cancellation.
Your magical effects are unravelling.
You feel magically purged.
You feel less wooden.
Your +0 robe unmelds from your body.
You feel yourself slow down.
Your resistance to elements expires.
Erica is engulfed in blazing flames.
Flame seeps out of Erica.
Okay, then.
Fire: y) +1 sling (freeze)
Press: ? - help, Shift-Dir - straight line, f/p - Erica
Aim: Erica, wielding a +4 scimitar of flaming and wearing an amulet of reflection (heavily wounded, inner flame, slightly transparent, ally target, reflecting blocked projectiles, 53% to hit)
You shoot a sling bullet. The sling bullet hits Erica!
Flame seeps out of Erica.
The sling bullet freezes Erica.
Flame seeps out of Erica.
Erica is severely wounded.
Erica is engulfed in blazing flames.
Flame seeps out of Erica.
You feel better. Erica barely misses you. Erica completely misses you.
You feel yourself speed up. Erica casts a spell at you.
The bolt of poison misses you.
Okay, then.
A gnoll comes into view. It is wielding a +0 spear.
The gnoll bouda shouts!
As you read the scroll of summoning, it crumbles to dust.
Wisps of shadow whirl around you...
Okay, then.
As you read the scroll labelled QASOZU PEBRURAFANT, it crumbles to dust.
It is a scroll of enchant armour.
Your +0 robe glows green for a moment.
Erica hits you with a +4 scimitar of flaming!!
* * * LOW HITPOINT WARNING * * *
Erica burns you.
You die...
Erica begins burbling mirthfully and uncontrollably.

# #.#.#.# #.#
####.#.#.# #.#
.......#.# #.#
#####.##.# #.#
#.##.# #.#
#.##.# #g# #.#
.# #.# #.# #x#
.. .#######@# ..
...g..goc#
#.##.oo°o##
.##..o..#
....o.oo#
####.....#######
....)..........#
##......#####.#
#.##...#


You could see Erica (inner flame, invisible, reflecting), a gnoll bouda (ally
target), 2 gnolls, a friendly centaur (summoned), a friendly orc priest
(summoned, wandering), a friendly orc wizard (summoned, wandering) and 6
friendly orcs.

Vanquished Creatures
  Maggie (D:8)
  A water moccasin (D:5)
  2 sky beasts
  3 ogres
  4 centaurs
  2 kobold brigands
  4 bullfrogs
  A gnoll sergeant (D:5)
  4 scorpions
  3 wights (D:6)
  8 killer bees
  A howler monkey (D:4)
  4 bombardier beetles
  3 jellies
  4 hounds
  5 orc priests
  A gnoll bouda (D:5)
  2 orc wizards
  17 gnolls
  7 adders
  A shadow imp (D:6)
  2 white imps
  A dart slug (D:2)
  2 ribbon worms
  30 orcs
  4 endoplasms
  A giant cockroach (D:3)
  12 goblins
  8 hobgoblins
  5 jackals (D:4)
  14 kobolds
  4 quokkas
  7 ball pythons
  5 bats
  3 frilled lizards
  7 rats
183 creatures vanquished.

Vanquished Creatures (collateral kills)
  16 foxfires
16 creatures vanquished.

Vanquished Creatures (others)
  515 foxfires
515 creatures vanquished.

Grand Total: 714 creatures vanquished

Notes
Turn   | Place    | Note
-------+----------+-------------------------------------------
     0 | D:1      | PriceMaster the Spriggan Fire Elementalist began the quest
                  | for the Orb.
     0 | D:1      | Reached XP level 1. HP: 9/9 MP: 5/5
   690 | D:1      | Reached XP level 2. HP: 13/13 MP: 3/6
   958 | D:1      | Reached skill level 3 in Spellcasting
  1545 | D:2      | Found Vemorr's Armour Emporium.
  1731 | D:2      | Reached skill level 1 in Conjurations
  1859 | D:2      | Reached XP level 3. HP: 16/16 MP: 4/8
  2634 | D:3      | Reached XP level 4. HP: 21/21 MP: 6/10
  2927 | D:3      | Reached skill level 4 in Spellcasting
  3309 | D:3      | Reached XP level 5. HP: 24/24 MP: 3/12
  3390 | D:3      | Found an iron altar of Okawaru.
  4035 | D:4      | Found a staircase to the Ecumenical Temple.
  4176 | D:4      | Reached skill level 5 in Spellcasting
  4177 | D:4      | Reached XP level 6. HP: 28/28 MP: 6/14
  5044 | D:4      | Learned a level 2 spell: Scorch
  5048 | D:4      | Learned a level 3 spell: Inner Flame
  5229 | D:4      | Reached skill level 1 in Unarmed Combat
  5495 | D:4      | Reached skill level 6 in Spellcasting
  5675 | D:5      | Entered Level 5 of the Dungeon
  5682 | D:5      | Reached XP level 7. HP: 32/32 MP: 8/17
  5895 | D:5      | Reached skill level 1 in Hexes
  6062 | D:5      | Reached skill level 7 in Spellcasting
  6308 | D:5      | Found a blossoming altar of Fedhas.
  6309 | D:5      | Found a hazy altar of Hepliaklqana.
  6476 | D:5      | Reached skill level 5 in Fire Magic
  6476 | D:5      | Reached XP level 8. HP: 36/36 MP: 8/20
  6916 | D:5      | Reached skill level 8 in Spellcasting
  7086 | D:6      | Found Fufuoph's Book Shop.
  7093 | D:6      | Found Comnot's Antique Weapon Boutique.
  7101 | D:6      | Identified the +1 leather armour of Zin's Grace {Rampage
                  | rC+++ Will- SInv}
  7303 | D:6      | Reached skill level 1 in Ranged Weapons
  7409 | D:6      | Found Uti Usev's Weapon Emporium.
  7618 | D:6      | Found Zakogo's Antique Weapon Shoppe.
  8010 | D:6      | Found Weamuumo's Antique Weapon Shoppe.
  8014 | D:6      | Found a broken altar of Ashenzari.
  8194 | D:6      | Reached skill level 9 in Spellcasting
  8374 | D:7      | Reached XP level 9. HP: 40/40 MP: 12/23
  8424 | D:7      | Reached skill level 1 in Fighting
  9020 | D:7      | Reached skill level 10 in Spellcasting
  9525 | D:8      | Noticed Maggie
  9535 | D:8      | Killed Maggie
  9849 | D:8      | Noticed Erica
  9867 | D:8      | HP: 2/41 [poisoned by Erica (bolt of poison)]
  9902 | D:8      | Gained mutation: You are agile. (Dex +4, Str/Int -1)
                  | [potion of mutation]
  9902 | D:8      | Gained mutation: Your body sometimes deteriorates upon
                  | taking damage. [potion of mutation]
  9909 | D:8      | HP: 2/41 [Erica/+4 scimitar of flaming (19)]
  9909 | D:8      | Slain by Erica

Illustrated notes

Levels and vault maps discovered:
D:1:      roderic_crop_circles_arrival_small, layout_loops_corners,
          grunt_decor_mini_mirrors, dk_noncrumbling_4
D:2:      layout_basic, serial_rivers, chequers_serial_rivers_micro_a,
          chequers_serial_rivers_small_a, chequers_serial_rivers_micro_b,
          chequers_serial_rivers_small_b, serial_shops, nicolae_shop_waterfront
D:3:      layout_loops_ring, okawaru_metal_pillars_3
D:4:      layout_loops_ring, minmay_temple_entry_nine_rooms, serial_bayou,
          serial_bayou_lake_a, serial_bayou_crossing, serial_bayou_shore_a,
          serial_bayou_pond_c, serial_bayou_shore_b
D:5:      layout_loops_ring, nicolae_overflow_hidden_temple
D:6:      layout_loops_ring, mainiacjoe_overflow_surrounded_room, serial_shops,
          nicolae_take_the_stairs, nicolae_shop_scrapyard, shop, shop, shop
D:7:      layout_rooms, enter_bailey_7
D:8:      layout_loops_ring, mainiacjoe_overflow_catwalk, uniq_maggie,
          uniq_erica

Skill      XL: |  1  2  3  4  5  6  7  8  9 |
---------------+----------------------------+-----
Spellcasting   | 3 4 5 6 7 9 10 | 10.5
Conjurations   | 1 2 |  2.6
Fire Magic     | 3 4 5 6 |  6.9
Dodging        | 3 4 |  4.5
Unarmed Combat | 1 |  1.0
Hexes          | 1 2 3 |  3.1
Ranged Weapons | 3 4 |  4.4
Fighting       | 1 |  1.2
Stealth        | |  3.4

Action                     |  1- 3 |  4- 6 |  7- 9 || total
---------------------------+-------+-------+-------++-------
  Melee: Unarmed           |    29 |    40 |     5 ||    74
         Punch             |       |     1 |       ||     1
         Spear             |       |       |     5 ||     5
   Fire: Sling             |       |       |   114 ||   114
   Cast: Foxfire           |   119 |   185 |    50 ||   354
         Scorch            |       |     5 |    46 ||    51
         Inner Flame       |       |     4 |    76 ||    80
    Use: Potion            |       |       |    10 ||    10
         Scroll            |       |       |     4 ||     4
   Stab: Sleeping          |       |     1 |       ||     1
 Armour: Robe              |    15 |    20 |    39 ||    74
  Dodge: Dodged            |    45 |    61 |    71 ||   177

Table legend: (Time is in decaauts)
 A = Elapsed time spent in this place.
 B = Non-inter-level travel time spent in this place.
 C = Inter-level travel time spent in this place.
 D = Time resting spent in this place.
 E = Time spent auto-exploring this place.
 F = Levels seen in this place.
 G = Mean time per level.
                   A        B        C        D        E       F      G
               +--------+--------+--------+--------+--------+-----+--------+
         Total |   8044 |   7930 |    114 |    520 |   6167 |   8 | 1005.5 |
       Dungeon |   8044 |   7930 |    114 |    520 |   6167 |   8 | 1005.5 |
               +--------+--------+--------+--------+--------+-----+--------+

Top non-repeatable levels by time:
     D:4: 1594 daAuts
     D:5: 1122 daAuts
     D:1: 1052 daAuts
     D:3: 1024 daAuts
     D:6: 989 daAuts
     D:2: 972 daAuts
     D:7: 854 daAuts
     D:8: 433 daAuts
